Map: Moonlight Madness LE (Void)

Players

YellOwSky - Winner!

  • Race: Protoss Protoss
  • League: Grandmaster

wabbajack

  • Race: Zerg Zerg
  • League: Grandmaster

VOD

Have the link to the VOD?

Description

Time

  • Played on: July 15, 2015, 10 p.m.
  • Length: 8:08
Show
View Real Time Build Order
Export as new Build Order

YellOwSky Protoss - Winner!

Build Orders:  

Get SALT Encoding   

  12  0:01  Probe  
  13  0:15  Pylon  
  13  0:19  Probe  
  14  0:33  Probe (Chrono Boost)  
  16  0:43  Probe (Chrono Boost)  
  16  0:50  Probe  
  17  1:02  Probe  
  18  1:10  Nexus  
  18  1:16  Probe  
  19  1:22  Gateway  
  19  1:28  Probe  
  20  1:33  Pylon  
  20  1:40  Probe  
  20  1:42  Assimilator  
  20  1:44  Assimilator  
  21  1:52  Probe (Chrono Boost)  
  22  2:04  Pylon  
  22  2:17  Cybernetics Core  
  23  2:22  Probe (Chrono Boost)  
  23  2:24  Probe (Chrono Boost)  
  23  2:27  Zealot  
  25  2:35  Probe (Chrono Boost)  
  25  2:36  Probe (Chrono Boost)  
  27  2:42  Probe x2 (Chrono Boost)  
  30  2:53  Probe (Chrono Boost)  
  30  2:54  Adept  
  30  2:56  Probe (Chrono Boost)  
  30  2:57  Warp Gate (Chrono Boost)  
  33  3:04  Probe x2 (Chrono Boost)  
  35  3:09  Pylon  
  35  3:13  Probe (Chrono Boost)  
  35  3:17  Probe (Chrono Boost)  
  37  3:25  Probe (Chrono Boost)  
  37  3:27  Probe (Chrono Boost)  
  39  3:28  Adept  
  41  3:40  Gateway  
  41  3:41  Gateway  
  42  3:48  Probe (Chrono Boost)  
  42  3:53  Probe (Chrono Boost), Assimilator  
  42  3:55  Assimilator  
  43  4:01  Probe (Chrono Boost)  
  43  4:02  Probe (Chrono Boost)  
  45  4:09  Probe  
  44  4:29  Pylon  
  44  4:36  Probe x2  
  46  4:48  Probe x2  
  48  5:00  Probe (Chrono Boost)  
  48  5:01  Stalker x2, Probe (Chrono Boost)  
  48  5:02  Stalker  
  56  5:12  Probe x2 (Chrono Boost)  
  56  5:28  Gateway  
  56  5:29  Pylon x2  
  56  5:33  Adept x2  
  55  5:51  Stalker  
  55  5:53  Probe x2  
  55  5:56  Gateway  
  59  5:58  Gateway  
  59  6:05  Probe x2  
  59  6:06  Pylon  
  59  6:08  Pylon  
  61  6:17  Pylon  
  61  6:19  Pylon  
  61  6:32  Gateway  
  61  6:33  Gateway  
  61  6:36  Gateway, Adept x4  
  69  6:43  Pylon  
  69  6:45  Pylon  
  69  6:48  Forge  
  69  6:53  Stalker  
  69  6:54  Stalker  
  73  7:01  Pylon  
  73  7:03  Stalker x4  
  81  7:12  Pylon  
  81  7:19  Pylon  
  81  7:23  Photon Cannon  
  81  7:25  Pylon, Photon Cannon  
  81  7:26  Photon Cannon  
  81  7:28  Stalker x5  
  81  7:29  Stalker  
  93  7:33  Pylon  
  93  7:52  Sentry x7  
  93  7:53  Sentry x2  
  111  8:01  Pylon  
Show
View Real Time Build Order
Export as new Build Order

wabbajack Zerg 

Build Orders: Hatch First 

Get SALT Encoding   

  12  0:01  Drone  
  13  0:20  Overlord  
  13  0:22  Drone  
  13  0:24  Extractor  
  13  0:26  Drone, Extractor  
  13  0:33  Drone  
  16  0:45  Drone  
  17  0:59  Hatchery  
  16  1:08  Extractor  
  16  1:09  Drone  
  16  1:10  Drone  
  17  1:23  Spawning Pool  
  16  1:26  Drone  
  17  1:35  Drone  
  18  2:14  Queen  
  20  2:15  Queen  
  20  2:17  Zergling x2  
  20  2:19  Metabolic Boost  
  23  2:31  Drone  
  23  2:32  Drone  
  23  2:33  Drone  
  26  2:39  Overlord  
  26  2:54  Pneumatized Carapace  
  26  3:02  Zergling x2  
  26  3:03  Zergling x4  
  29  3:09  Zergling x6  
  32  3:14  Zergling x2  
  33  3:31  Zergling x2  
  33  3:32  Zergling x4  
  36  3:35  Overlord  
  36  3:36  Overlord  
  28  4:28  Zergling x20  
  38  4:37  Drone, Roach Warren  
  38  4:38  Drone x10  
  48  4:43  Extractor  
  42  5:26  Overlord x3  
  42  5:28  Roach x5  
  44  5:59  Lair  
  44  6:03  Drone x3  
  44  6:04  Evolution Chamber, Drone x7  
  54  6:05  Evolution Chamber  
  52  6:12  Spine Crawler  
  52  6:15  Spine Crawler  
  52  6:16  Extractor  
  52  6:18  Extractor  
  48  6:24  Burrow  
  48  6:27  Hatchery  
  47  6:43  Drone  
  47  6:44  Drone x2  
  47  6:45  Drone x3  
  53  6:49  Roach  
  53  6:50  Roach x3  
  61  6:59  Hydralisk Den  
  60  7:12  Drone x4  
  60  7:14  Drone x2  
  66  7:32  Drone x4  
  66  7:33  Drone x6  
Tags
 
Add a new tag
Caveats
  • Supply blocks, unpowered buildings, or Contaminate may cause inaccurate times.
  • Supply counts are checked every 10 seconds.